AoeStats
← Baggi

Four Lakes

510192954Analyzed
1v1 RM · 2d ago on Sep 29, 2026· 74m 36s· 2 players
Game mode
Random Map
Map size
Tiny (2 player)
Population
200
Speed
Normal
Resources
Standard
Victory
Conquest
Starting age
Dark Age
Ending age
Imperial Age
RankedLock teamsTeams togetherTeam positionsShared explorationLock speedFull tech treeHidden civsTurbo modeCheats
Victory
Defeat
🇩🇪 Malay · Germany
1063
+13
🇧🇷 Franks · Brazil
1004
-13
Baggi
9:24 Loom
12:13 Feudal Age
12:45 Fishing Lines
13:09 Double-Bit Axe
18:44 Castle Age
17:29 Scale Mail Armor
17:58 Scale Barding Armor
18:04 Forging
18:23 Gold Mining
18:24 Stone Mining
20:42 Wheelbarrow
20:15 Gillnets
20:35 Pikeman
21:15 Squires
22:46 Hand Cart
24:11 Bow Saw
24:37 Husbandry
29:34 Imperial Age
26:50 Town Watch
29:05 Town Patrol
29:22 Fletching
32:09 Bodkin Arrow
32:53 Iron Casting
33:20 Bodkin Arrow
34:54 Arrowslits
36:21 Padded Archer Armor
37:21 Blast Furnace
36:37 Chain Mail Armor
37:53 Ballistics
38:33 Chemistry
40:46 Leather Archer Armor
41:02 Plate Mail Armor
40:05 Ordonnance Companies
42:35 Elite Skirmisher
43:53 Chain Barding Armor
43:16 Crossbowman
Onkel Olli
7:29 Loom
10:19 Feudal Age
11:52 Double-Bit Axe
20:02 Castle Age
18:56 Forging
18:59 Pikeman
19:40 Squires
21:26 Bow Saw
22:06 Fishing Lines
23:17 Stone Mining
29:35 Imperial Age
27:53 Iron Casting
28:41 Halberdier
30:57 Elite Karambit Warrior
31:49 Gillnets
41:16 Blast Furnace
47:45 Horse Collar
48:00 Fletching
51:06 Conscription
50:52 Thalassocracy
58:25 Spies/Treason
66:19 Husbandry
65:43 Light Cavalry
Connection lost

Rejoining the realm…

Still unreachable

The connection could not be restored.

Session expired

The server has moved on; the page needs a fresh start.